 Dungeon Crawl Stone Soup version 0.19.1 (webtiles) character file.

317 Daunt the Changer (level 6, -1/47 HPs)
             Began as a Draconian Transmuter on Dec 5, 2016.
             Slain by an iguana (11 damage)
             ... on level 4 of the Dungeon.
             The game lasted 00:12:27 (3195 turns).

Daunt the Changer (Draconian Transmuter)            Turns: 3195, Time: 00:12:27

Health: -1/47      AC:  2    Str: 12    XL:     6   Next: 20%
Magic:  5/9        EV: 19    Int: 15    God:
Gold:   93         SH:  0    Dex: 17    Spells: 2 memorised, 5 levels left

rFire  . . .     SeeInvis .       - Unarmed
rCold  . . .     Gourm    .     (armour unavailable)
rNeg   + . .     Faith    .     (shield currently unavailable)
rPois  x         Spirit   .     (helmet currently unavailable)
rElec  .         Reflect  .     (cloak currently unavailable)
rCorr  .         Harm     .     (gloves currently unavailable)
MR     .....                    (boots currently unavailable)
Stlth  ++........               (no amulet)
                                (no ring)
                                p - ring of positive energy

@: spider-form
A: unfitting armour, (cold-blooded), AC +6
a: End Transformation


You were on level 4 of the Dungeon.
You were not hungry.
You were a venomous arachnid creature.
You visited 1 branch of the dungeon, and saw 4 of its levels.

You collected 93 gold pieces.

Inventory:

Missiles
 m - 113 stones (quivered)
Armour
 h - a +0 cloak (melded)
 w - a +0 pair of gloves (melded)
 y - a +0 pair of boots (melded)
Jewellery
 p - a ring of positive energy (left front leg)
Scrolls
 a - a scroll of recharging {unknown}
 e - 3 scrolls of random uselessness {unknown}
 g - a scroll of fear {unknown}
 l - 3 scrolls of noise {unknown}
 o - 2 scrolls of remove curse {unknown}
 q - a scroll of enchant weapon {unknown}
 t - a scroll of magic mapping {unknown}
 x - a scroll of amnesia {unknown}
 A - a scroll of teleportation {unknown}
Potions
 d - 2 potions of brilliance
 f - a potion of magic
 k - a potion of cure mutation
 n - 2 potions of flight
 s - a potion of invisibility
 u - a potion of curing {unknown}
 z - 2 potions of cancellation {unknown}
 B - a potion of haste {unknown}
Books
 b - a book of Changes

   Spells                             Type                      Level
   a - Beastly Appendage              Transmutation                1
   b - Sticks to Snakes               Transmutation                2
   c - Spider Form                    Transmutation/Poison         3
   d - Ice Form                       Ice/Transmutation            4
   e - Blade Hands                    Transmutation                5
Comestibles
 c - 2 bread rations
 i - 2 slices of pizza
 v - a meat ration


   Skills:
 - Level 1.1 Fighting
 - Level 1.7 Dodging
 - Level 3.0 Unarmed Combat
 - Level 2.0 Spellcasting
 + Level 6.6 Transmutations


You had 5 spell levels left.
You knew the following spells:

 Your Spells              Type           Power        Failure   Level  Hunger
a - Beastly Appendage     Tmut           ###...       6%          1    #......
b - Spider Form           Tmut/Pois      ##........   41%         3    ###....


Dungeon Overview and Level Annotations

Branches:
Dungeon (4/15)             Temple (0/1) D:4

Altars:
Makhleb
Trog

Annotations:
D:4 Eustachio


Innate Abilities, Weirdness & Mutations

((Your plain brown scales are hard. (AC +6)))
You cannot fit into any form of body armour.
((You are cold-blooded and may be slowed by cold attacks.))


Message History

The iguana hisses angrily.
Found a runed lapis lazuli amulet.
You have reached level 6!
Your experience leads to an increase in your attributes!
Increase (S)trength, (I)ntelligence, or (D)exterity?
You feel clever.
Your scales feel tougher.
You feel a bit more experienced.
There is a stone staircase leading up, spattered with blood here.
You see here 3 tomahawks.
Casting: Spider Form
Confirm with . or Enter, or press ? or * to list all spells.
You turn into a venomous arachnid creature.
Your +0 cloak melds into your body.
Your +0 pair of gloves melds into your body.
Your +0 pair of boots melds into your body.
The iguana misses you.
You are too injured to fight recklessly!
You barely miss the iguana. The iguana closely misses you.
You barely miss the iguana. The iguana bites you!
You die...

#.#.## #. #.#..###>#
##.#...#..##.#
#......?...#.#
#............
##..........##
#............#
##.###..o.....#.#
#o.# #.sl.......#
#.#######.....##
.#####.#...o.......#
..........###########
#.#####...# #...#
...... ..#...#.
..##...#.#


You could see an iguana and an orc.

Vanquished Creatures
  An orc warrior (D:3)
  An ogre (D:4)
  2 worker ants
  A gnoll (D:1)
  An adder (D:3)
  A worm (D:3)
  A dart slug (D:1)
  5 orcs
  A ball python (D:3)
  6 bats
  3 giant cockroaches
  13 goblins
  4 hobgoblins
  3 jackals (D:3)
  2 quokkas
  4 frilled lizards
  8 kobolds
  A leopard gecko skeleton (D:4)
  5 rats
63 creatures vanquished.

Notes
Turn   | Place    | Note
-------+----------+-------------------------------------------
     0 | D:1      | Daunt the Draconian Transmuter began the quest for the Orb.
     0 | D:1      | Reached XP level 1. HP: 16/16 MP: 3/3
   154 | D:1      | Reached XP level 2. HP: 21/23 MP: 5/5
   434 | D:1      | Reached skill level 3 in Transmutations
   807 | D:2      | Reached XP level 3. HP: 25/28 MP: 6/6
  1061 | D:2      | Reached skill level 4 in Transmutations
  1074 | D:2      | Learned a level 3 spell: Spider Form
  1441 | D:3      | Reached XP level 4. HP: 33/35 MP: 7/7
  1451 | D:3      | Found a faded altar of an unknown god.
  1659 | D:3      | Found a burning altar of Makhleb.
  2305 | D:4      | Noticed an orc warrior
  2419 | D:4      | Found a bloodstained altar of Trog.
  2430 | D:4      | Reached skill level 5 in Transmutations
  2434 | D:4      | Reached XP level 5. HP: 26/40 MP: 8/8
  2437 | D:4      | Noticed Eustachio
  2617 | D:4      | Found a staircase to the Ecumenical Temple.
  2617 | D:4      | Noticed an ogre
  2688 | D:3      | Killed an orc warrior
  2688 | D:3      | Reached skill level 6 in Transmutations
  3184 | D:4      | Killed an ogre
  3184 | D:4      | Reached XP level 6. HP: 8/47 MP: 7/9
  3195 | D:4      | Slain by an iguana

Skill      XL: |  1  2  3  4  5 |
---------------+----------------+-----
Transmutations | 3 4 5 6 |  6.6
Fighting       | |  1.1
Dodging        | |  1.7
Unarmed Combat | |  3.0
Spellcasting   | |  2.0

Action                   |  1- 3 |  4- 6 || total
-------------------------+-------+-------++-------
Melee: Unarmed           |   159 |    96 ||   255
       Kick              |    12 |     2 ||    14
       Tailslap          |    15 |     9 ||    24
       Punch             |     2 |       ||     2
       Headbutt          |     3 |    10 ||    13
 Cast: Beastly Appendage |    17 |    14 ||    31
       Spider Form       |       |     4 ||     4
  Use: Scroll            |       |     5 ||     5
 Stab: Sleeping          |     1 |     1 ||     2
  Eat: Chunk             |     2 |     5 ||     7
       Pizza             |       |     1 ||     1
Armor: Skin              |    49 |    34 ||    83
Dodge: Dodged            |    85 |    58 ||   143
